 Dungeon Crawl Stone Soup version 0.31.0-1-g2c135a0 (webtiles) character file.

Game seed: 12960420722474840877

501 iloveai the Cleaver (level 7, -2/57 HPs)
             Began as a Hill Orc Fighter on Feb 3, 2024.
             Succumbed to an orc wizard's poison
             ... on level 4 of the Dungeon.
             The game lasted 00:06:02 (3583 turns).

iloveai the Cleaver (Hill Orc Fighter)              Turns: 3583, Time: 00:06:03

Health: -2/57      AC:  9    Str: 21    XL:     7   Next: 17%
Magic:  7/7        EV:  9    Int:  8    God:
Gold:   121        SH:  9    Dex: 10    Spells: 6/6 levels left

rFire   . . .        a - +0 war axe
rCold   . . .        c - +0 buckler
rNeg    . . .        b - +0 scale mail
rPois   .            (no helmet)
rElec   .            (no cloak)
rCorr   .            p - +0 pair of gloves
SInv    .            t - +0 pair of boots
Will    .....        r - amulet of reflection Stlth
                     (no ring)
HPRegen 0.29/turn    (no ring)
MPRegen 0.10/turn

%: reflection
@: lethally poisoned (-2 -> -25), hasted, very quick
A: no striking features
a: no special abilities


You were on level 4 of the Dungeon.
You visited 1 branch of the dungeon, and saw 4 of its levels.

You collected 121 gold pieces.

Inventory:

Hand Weapons
 a - a +0 war axe (weapon)
Armour
 b - a +0 scale mail (worn)
 c - a +0 buckler (worn)
 p - a +0 pair of gloves (worn)
 t - a +0 pair of boots (worn)
Jewellery
 e - an amulet of magic regeneration
 k - a ring of ice
 r - an amulet of reflection (around neck)
Scrolls
 f - 2 scrolls of enchant armour {unknown}
 l - a scroll of enchant weapon {unknown}
 m - a scroll of amnesia {unknown}
 n - a scroll of teleportation {unknown}
 o - 6 scrolls of identify {unknown}
Potions
 d - 2 potions of might
 g - 2 potions of haste
 h - a potion of mutation {unknown}
 i - a potion of berserk rage {unknown}
 j - a potion of attraction {unknown}
 q - a potion of degeneration {unknown}
 s - 2 potions of cancellation {unknown}
 u - a potion of curing {unknown}


   Skills:
 - Level 3.6 Fighting
 + Level 10.0 Axes
 - Level 3.2 Armour
 - Level 3.2 Shields


You had 6 spell levels left.
You didn't know any spells.
Your spell library contained the following spells:

 Spells                   Type           Power      Damage    Failure   Level
 Summon Small Mammal      Summ           0%         N/A       82%         1
 Call Canine Familiar     Summ           0%         N/A       99%         3
 Summon Blazeheart Golem  Fire/Summ      0%         N/A       100%        4


Dungeon Overview and Level Annotations

Branches:
Dungeon (4/15)
 Temple: D:4-7

Altars:

Shops:
D:4 =

Annotations:
D:3 2 transporters, cpf86's ghost, weakling DsFi


Message History

You closely miss the orc.
The orc is severely wounded.
Deactivating autopickup; reactivate with Ctrl-A.
You barely miss something. You closely miss something.
You block something's attack. x2
You barely miss something. Something hits you.
You are poisoned.
You miss something.
You feel very sick. Something hits you but does no damage.
You are more poisoned.
You miss something.
You feel very sick. Something hits you but does no damage.
You are more poisoned.
You barely miss something.
You feel very sick. Something hits you but does no damage.
You are more poisoned.
You barely miss something.
You feel very sick. The shadow imp gestures at you.
You block something's attack.
You hit something.
You feel very sick.
The orc throws a boomerang.
Something hits you.
You are lethally poisoned!
You closely miss something.
* * * LOW HITPOINT WARNING * * *
You feel extremely sick. Something hits you.
* * * LOW HITPOINT WARNING * * *
You are more poisoned.
You barely miss something.
* * * LOW HITPOINT WARNING * * *
You feel extremely sick. Something hits you.
* * * LOW HITPOINT WARNING * * *
It was a potion of haste.
You feel yourself speed up.
You die...

..# ##'#####
#......#
#......#
#.....o##.
#.........
#o5o...5..
#{# #@# #.#
#.# #.#
###'##
#....#
#....#
#....#
#....#######


You could see a shadow imp and 2 orcs.

Vanquished Creatures
  A centaur (D:4)
  A scorpion (D:4)
  A howler monkey (D:4)
  A bombardier beetle (D:3)
  An orc wizard (D:4)
  An iguana (D:4)
  7 gnolls
  11 adders
  2 ribbon worms (D:3)
  3 dart slugs
  7 orcs
  4 endoplasms
  4 giant cockroaches (D:1)
  7 hobgoblins
  9 jackals
  A quokka (D:2)
  2 ball pythons (D:1)
  5 bats
  2 frilled lizards (D:1)
  8 goblins
  3 kobolds
  4 rats
85 creatures vanquished.

Notes
Turn   | Place    | Note
-------+----------+-------------------------------------------
     0 | D:1      | iloveai the Hill Orc Fighter began the quest for the Orb.
     0 | D:1      | Reached XP level 1. HP: 19/19 MP: 1/1
    33 | D:1      | Reached skill level 3 in Axes
   127 | D:1      | Reached XP level 2. HP: 19/26 MP: 2/2
   216 | D:1      | Reached skill level 4 in Axes
   405 | D:1      | Reached XP level 3. HP: 29/31 MP: 3/3
  1068 | D:2      | Reached skill level 5 in Axes
  1139 | D:2      | Reached XP level 4. HP: 30/39 MP: 4/4
  1189 | D:2      | Reached skill level 6 in Axes
  1502 | D:2      | Reached XP level 5. HP: 39/45 MP: 5/5
  2007 | D:3      | Reached skill level 7 in Axes
  2299 | D:3      | Noticed cpf86's ghost (weakling DsFi)
  2309 | D:3      | Found a transporter.
  2328 | D:3      | Found a transporter.
  2582 | D:4      | Found Bugyufonku's Jewellery Emporium.
  2665 | D:4      | Reached skill level 8 in Axes
  2665 | D:4      | Reached XP level 6. HP: 38/51 MP: 6/6
  2967 | D:4      | Reached skill level 9 in Axes
  3039 | D:4      | Reached XP level 7. HP: 57/57 MP: 7/7
  3572 | D:4      | Reached skill level 10 in Axes
  3582 | D:4      | HP: 2/57 [something (2)]
  3583 | D:4      | Succumbed to an orc wizard's poison

Illustrated notes

Levels and vault maps discovered:
D:1:      lightli_arrival_flooded_house, layout_basic, serial_bayou,
          serial_bayou_crossing, serial_bayou_pond_b, serial_bayou_ford_a,
          serial_bayou_shore_b, kennysheep_another_room
D:2:      layout_loops_cross
D:3:      layout_basic, gammafunk_ghost_stat_death
D:4:      layout_basic, nicolae_stop_n_shop_2, grunt_ministairs_5,
          minmay_misc_feat_rows

Skill      XL: |  1  2  3  4  5  6  7 |
---------------+----------------------+-----
Axes           | 3 4 5 6 8 9 10 | 10.0
Fighting       | |  3.6
Armour         | |  3.2
Shields        | |  3.2

Action                     |  1- 3 |  4- 6 |  7- 9 || total
---------------------------+-------+-------+-------++-------
  Melee: War axe           |    82 |   176 |    27 ||   285
    Use: Potion            |       |       |     1 ||     1
 Armour: Scale mail        |    51 |   108 |    19 ||   178
  Dodge: Dodged            |    37 |    63 |     1 ||   101
  Block: Buckler           |    19 |    56 |     9 ||    84
         Reflection        |       |     2 |     2 ||     4
